AoeStats
← Ryan

Arabia

509770197Analyzed
2v2 RM · 6d ago on Sep 28, 2026· 44m 24s· 4 players
Game mode
Random Map
Map size
Medium (4 player)
Population
200
Speed
Normal
Resources
Standard
Victory
Conquest
Starting age
Dark Age
Ending age
Imperial Age
RankedLock teamsTeams togetherTeam positionsShared explorationLock speedFull tech treeHidden civsTurbo modeCheats
Victory
Defeat
🇨🇱 Saxons · Chile
939
+17
🇨🇱 Persians · Chile
921
+17
🇺🇸 Franks · United States
960
-50
🇺🇸 Franks · United States
960
-50
Raygnard
8:31 Loom
10:18 Feudal Age
20:55 Castle Age
19:56 Double-Bit Axe
20:24 Arson
20:46 Scale Mail Armor
21:18 Gold Mining
21:18 Horse Collar
23:38 Squires
23:23 Gambesons
25:47 Bow Saw
25:58 Heavy Plow
28:59 Chain Mail Armor
30:25 Wheelbarrow
29:35 Town Watch
30:26 Forging
31:58 Gold Shaft Mining
31:14 Stone Mining
32:23 Hand Cart
33:01 Town Patrol
34:13 Iron Casting
39:29 Imperial Age
40:44 Conscription
39:59 Shield Wall
40:46 Elite Varangian Guard
42:08 Plate Mail Armor
Brick
7:07 Loom
9:41 Feudal Age
11:52 Double-Bit Axe
21:07 Castle Age
19:16 Scale Barding Armor
20:16 Forging
20:00 Horse Collar
22:42 Chain Barding Armor
24:55 Crossbowman
26:51 Husbandry
27:42 Kamandaran
28:13 Bow Saw
30:37 Heavy Plow
34:13 Ballistics
35:12 Wheelbarrow
36:23 Fletching
38:02 Hand Cart
40:59 Imperial Age
40:25 Iron Casting
39:52 Padded Archer Armor
40:22 Bodkin Arrow
41:34 Thumb Ring
42:49 Plate Barding Armor
43:17 Blast Furnace
42:34 Leather Archer Armor
45:14 Chemistry
43:52 Elite War Elephant
Ryan
13:17 Feudal Age
15:07 Loom
16:34 Wheelbarrow
15:49 Double-Bit Axe
18:16 Man-at-Arms
29:35 Castle Age
Trashcan
9:56 Feudal Age
33:38 Castle Age
34:02 Crossbowman
34:53 Light Cavalry
38:42 Padded Archer Armor
39:44 Forging
45:36 Imperial Age
Connection lost

Rejoining the realm…

Still unreachable

The connection could not be restored.

Session expired

The server has moved on; the page needs a fresh start.